Map: Daybreak LE (Void)

Players

Elazer

  • Race: Zerg Zerg
  • Spawn Location: 1:00

MajOr (SpeCial) - Winner!

  • Race: Terran Terran
  • Spawn Location: 7:00

Event: WESG 2016 Finals

VOD

Have the link to the VOD?

Description

Time

  • Played on: Jan. 13, 2017, 4:48 a.m.
  • Length: 12:12

All games in this series

Show
View Real Time Build Order
Export as new Build Order

Elazer Zerg 

Build Orders: Pool First 

Get SALT Encoding   

  12  0:00  Drone  
  13  0:13  Overlord  
  13  0:17  Drone  
  14  0:31  Drone  
  14  0:32  Drone  
  16  0:36  Drone  
  17  0:46  Drone, Extractor  
  17  0:51  Spawning Pool  
  17  0:57  Drone  
  17  1:08  Drone  
  18  1:21  Hatchery  
  17  1:30  Drone  
  18  1:39  Zergling x2  
  19  1:40  Zergling x2  
  19  1:42  Queen  
  22  1:49  Metabolic Boost  
  22  1:57  Overlord  
  22  2:15  Drone x2  
  24  2:18  Queen  
  26  2:23  Drone  
  27  2:32  Pneumatized Carapace  
  27  2:33  Drone x2  
  29  2:43  Drone  
  30  2:52  Hatchery  
  30  2:53  Drone  
  30  2:56  Drone  
  30  2:58  Drone  
  32  3:01  Drone  
  32  3:02  Drone  
  34  3:06  Drone  
  34  3:07  Drone  
  36  3:15  Drone  
  36  3:19  Overlord  
  35  3:30  Drone  
  36  3:37  Queen  
  38  3:42  Overlord  
  38  3:43  Drone x4  
  42  3:48  Zergling x4  
  44  3:59  Overlord  
  44  4:00  Zergling x6  
  44  4:01  Zergling x2  
  44  4:02  Zergling x2  
  49  4:04  Queen  
  49  4:08  Extractor  
  50  4:11  Drone x3  
  50  4:14  Drone  
  50  4:15  Queen  
  55  4:19  Overlord  
  55  4:20  Drone x2  
  54  4:25  Drone  
  54  4:26  Drone  
  55  4:31  Drone  
  55  4:35  Lair  
  55  4:36  Drone x2  
  55  4:38  Drone  
  59  4:42  Spore Crawler  
  58  4:48  Drone, Spore Crawler  
  58  4:49  Drone x2  
  58  4:50  Drone  
  58  4:51  Spore Crawler  
  60  4:53  Drone x2  
  60  4:59  Drone x3  
  63  5:08  Zergling x6  
  63  5:12  Overlord  
  66  5:15  Drone  
  66  5:16  Drone  
  66  5:18  Drone x2  
  69  5:21  Drone x2  
  69  5:24  Drone x2  
  69  5:27  Drone, Evolution Chamber x2  
  72  5:31  Drone x2  
  72  5:32  Overlord  
  72  5:35  Drone x2  
  76  5:40  Roach Warren  
  76  5:41  Drone  
  74  5:43  Overlord  
  74  5:44  Extractor  
  74  5:46  Extractor  
  74  5:47  Drone x2  
  74  5:52  Zerg Ground Armor Level 1, Zerg Missile Weapons Level 1  
  74  5:53  Overlord  
  74  6:01  Drone x2  
  75  6:07  Drone x3  
  75  6:11  Drone  
  76  6:19  Glial Reconstitution, Overlord  
  76  6:20  Roach  
  76  6:21  Roach x6  
  90  6:34  Roach x8  
  98  6:49  Overlord  
  84  6:55  Drone x5  
  84  6:59  Drone  
  84  7:00  Drone  
  82  7:02  Drone  
  82  7:07  Drone  
  80  7:14  Queen  
  82  7:18  Drone  
  82  7:19  Drone  
  82  7:20  Ravager  
  82  7:22  Drone  
  86  7:24  Drone x2  
  86  7:27  Roach  
  90  7:30  Roach x2  
  90  7:33  Roach x2  
  90  7:36  Roach  
  100  7:40  Roach  
  102  7:45  Overlord x3  
  102  7:47  Roach  
  102  7:49  Roach  
  102  7:50  Roach  
  108  7:53  Roach  
  108  7:55  Roach  
  108  7:57  Roach  
  114  8:04  Roach  
  114  8:05  Roach x2  
  120  8:08  Roach x2  
  120  8:12  Extractor  
  123  8:14  Overlord  
  123  8:17  Roach x3  
  129  8:22  Overlord  
  129  8:23  Roach  
  129  8:24  Roach  
  129  8:26  Roach  
  136  8:28  Overlord  
  136  8:39  Overlord  
  136  8:44  Roach  
  136  8:45  Roach x5  
  146  8:49  Roach x3  
  146  8:51  Roach  
  146  8:55  Ravager, Overlord  
  154  8:59  Ravager  
  154  9:01  Drone x2  
  102  9:30  Roach x11  
  88  9:40  Drone x3  
  88  9:42  Extractor x2  
  88  9:44  Drone x3  
  84  9:46  Drone x2  
  84  9:47  Drone  
  84  9:48  Hydralisk Den  
  84  9:51  Drone x3  
  89  9:54  Drone  
  89  10:10  Drone  
  90  10:17  Drone x8  
  90  10:20  Hatchery  
  93  10:23  Drone  
  93  10:24  Drone  
  93  10:27  Overseer, Muscular Augments  
  93  10:30  Hydralisk x2  
  93  10:34  Hydralisk  
  93  10:35  Hydralisk  
  101  10:37  Hydralisk  
  101  10:40  Hydralisk  
  105  10:49  Drone x7  
  112  10:52  Drone x2  
  114  11:01  Hydralisk x4  
  122  11:05  Roach  
  122  11:06  Roach  
  126  11:12  Hydralisk x2  
  126  11:17  Hydralisk x2  
  134  11:27  Roach  
  134  11:28  Roach x5  
  146  11:35  Roach x3  
  146  11:36  Roach  
  146  11:37  Ravager  
  146  11:38  Ravager x2  
  157  11:44  Ravager, Roach  
Show
View Real Time Build Order
Export as new Build Order

MajOr Terran - Winner!

Build Orders: Reaper Expand, Hellion Banshee, Mech 

Get SALT Encoding   

  12  0:00  SCV  
  13  0:13  SCV  
  14  0:17  Supply Depot  
  14  0:25  SCV  
  15  0:29  Refinery  
  15  0:39  SCV  
  16  0:45  Barracks  
  16  0:51  SCV  
  17  1:03  SCV  
  18  1:15  SCV  
  19  1:32  Orbital Command  
  19  1:33  Reaper  
  20  1:44  Command Center  
  20  1:54  Factory  
  20  1:58  SCV  
  21  2:06  Refinery  
  21  2:09  Barracks Reactor  
  21  2:10  SCV  
  22  2:16  Supply Depot  
  23  2:22  SCV  
  23  2:38  SCV  
  23  2:39  Starport  
  24  2:49  Hellion  
  24  2:50  Hellion, SCV  
  24  2:51  Marine  
  30  3:00  Orbital Command  
  30  3:04  SCV  
  30  3:16  SCV  
  30  3:18  Medivac  
  30  3:19  Hellion  
  34  3:23  Hellion  
  34  3:26  Barracks Tech Lab  
  36  3:30  SCV  
  36  3:31  SCV  
  38  3:42  SCV  
  38  3:43  SCV  
  38  3:46  Supply Depot  
  41  3:55  SCV x2  
  41  3:59  Hellion x2  
  46  4:08  SCV x2, Banshee  
  51  4:12  Supply Depot  
  47  4:25  SCV x2  
  47  4:26  Hellion x2  
  53  4:37  SCV x2  
  55  4:48  Command Center  
  55  4:49  Hellion  
  55  4:52  Raven  
  61  4:54  SCV  
  61  4:56  SCV  
  61  4:58  Supply Depot  
  61  5:00  Factory  
  61  5:02  Armory  
  61  5:05  Barracks Reactor  
  61  5:08  SCV  
  61  5:13  Supply Depot  
  62  5:20  SCV x2  
  64  5:21  Hellion x2  
  64  5:24  Refinery  
  64  5:25  Refinery  
  64  5:28  Supply Depot  
  68  5:32  SCV x2  
  70  5:36  Supply Depot  
  68  5:43  Hellion  
  68  5:44  SCV  
  68  5:48  SCV  
  72  5:50  Terran Vehicle Weapons Level 1  
  72  5:52  Hellion x2, Supply Depot  
  72  5:56  SCV  
  79  6:04  Hellion  
  79  6:08  SCV  
  79  6:09  SCV  
  81  6:11  Orbital Command  
  81  6:13  Cyclone  
  81  6:16  Factory  
  84  6:21  SCV x2  
  84  6:23  Hellion x2  
  90  6:27  Cyclone  
  93  6:33  SCV x2  
  95  6:41  SCV  
  95  6:45  SCV  
  97  6:50  Cyclone x2  
  97  6:51  Cyclone  
  104  6:58  SCV x2  
  104  6:59  Cyclone  
  99  7:05  SCV  
  94  7:08  Refinery  
  94  7:09  Refinery  
  94  7:10  SCV x2  
  94  7:11  Siege Tank  
  94  7:14  Factory x2  
  99  7:17  SCV  
  99  7:22  SCV x2, Cyclone x2  
  108  7:26  Supply Depot  
  108  7:29  SCV, Engineering Bay  
  109  7:34  SCV x2  
  111  7:40  Cyclone x2  
  117  7:45  Armory  
  117  7:46  Supply Depot  
  117  7:48  SCV x3  
  117  7:51  Siege Tank  
  123  7:58  Factory Reactor  
  123  7:59  Factory Tech Lab  
  123  8:00  SCV x2, Factory Tech Lab  
  123  8:03  SCV  
  124  8:09  Hellion, Cyclone  
  124  8:12  SCV x2  
  131  8:15  SCV, Terran Vehicle Weapons Level 2  
  131  8:16  Command Center  
  132  8:27  Missile Turret  
  132  8:30  Hellion  
  133  8:36  Starport Tech Lab  
  133  8:39  Supply Depot x2  
  132  8:42  Siege Tank  
  132  8:47  Hellion  
  133  8:51  Hellion  
  133  8:55  Supply Depot  
  133  8:57  Supply Depot  
  133  8:58  Missile Turret  
  133  9:01  Hellion x3, Terran Vehicle And Ship Armor Level 1, Siege Tank  
  142  9:03  Supply Depot  
  142  9:04  Supply Depot  
  142  9:08  Hellion  
  144  9:14  Siege Tank  
  131  9:22  Siege Tank  
  131  9:23  Hellbat x3  
  126  9:29  Hellbat  
  121  9:33  Siege Tank  
  121  9:37  Banshee  
  121  9:46  Siege Tank  
  121  9:47  Cyclone  
  121  9:49  Cyclone  
  121  9:50  Cyclone  
  133  9:54  Siege Tank  
  133  9:55  Cyclone  
  139  10:03  Refinery  
  139  10:05  Siege Tank  
  142  10:08  Refinery  
  142  10:10  Missile Turret  
  140  10:18  Siege Tank  
  142  10:21  SCV x3  
  142  10:25  Missile Turret  
  142  10:27  Siege Tank  
  146  10:30  Planetary Fortress  
  146  10:37  Cyclone  
  146  10:40  Command Center, Cyclone  
  152  10:43  Command Center  
  152  10:45  Cyclone, Missile Turret  
  155  10:50  Cyclone  
  155  10:54  Cyclone  
  158  10:59  Starport Reactor  
  158  11:00  Siege Tank  
  161  11:05  Missile Turret  
  161  11:06  Supply Depot  
  161  11:10  Siege Tank  
  164  11:14  Hellion x2  
  164  11:17  Hellion  
  170  11:22  Hellion  
  172  11:26  Siege Tank  
  172  11:32  Siege Tank  
  178  11:35  Hellion x2  
  178  11:39  Hellion  
  184  11:44  Hellion  
  171  12:00  Missile Turret  
Tags
 
Add a new tag
Caveats
  • Supply blocks, unpowered buildings, or Contaminate may cause inaccurate times.
  • Supply counts are checked every 10 seconds.